[ PARTIDA AOE2 · #505503747 ]
UnrankedJemeres vs Turks
Equipo del jugador · DERR
Equipo rival · VICT
[ ANÁLISIS DE REPETICIÓN · EXTRAÍDO DE LA PARTIDA GRABADA ]
Feudal
10:17
Castillos
—
Imperial
—
| APM promedio | 48.2 |
| APM pico | 116 |
| eAPM promedio | 23.3 |
| Aldeanos / militares | 43 / 15 |
Foco
⚔️ 39.2% · 🌾 60.8%
Spearman ×8 · Skirmisher ×7
Feudal
10:23
Castillos
—
Imperial
—
| APM promedio | 68.4 |
| APM pico | 108 |
| eAPM promedio | 22.6 |
| Aldeanos / militares | 61 / 14 |
Foco
⚔️ 25.6% · 🌾 74.4%
Scout Cavalry ×11 · Archer ×3
Mapa de la partida
Recursos iniciales + cada clic de construcción. Líneas = muros · curvas = relieve. ◆ oro · ⬟ piedra · ● bayas · ✦ reliquia · ◌ hueco del cierre
Tu base· Abierta — flanco sin cerrar
Base de Thomas Sankara· Abierta — flanco sin cerrar
Terreno inicial suavizado · ◌ = hueco del cierre detectado · pasá el cursor para detalles
Inputs por minuto
— duusker - - Thomas Sankara
Build order — duusker
147 acciones detectadas en el replay
| 0:00 | Encolar | Villager (Male) |
| 0:00 | Encolar | Villager (Male) |
| 0:00 | Encolar | Villager (Male) |
| 0:01 | Construir | House |
| 0:02 | Construir | House |
| 0:44 | Encolar | Villager (Male) |
| 1:09 | Investigar | Loom |
| 1:11 | Encolar | Villager (Male) |
| 1:49 | Encolar | Villager (Male) |
| 2:40 | Encolar | Villager (Male) |
| 2:40 | Encolar | Villager (Male) |
| 3:27 | Encolar | Villager (Male) |
| 4:14 | Encolar | Villager (Male) |
| 4:14 | Encolar | Villager (Male) |
| 4:24 | Encolar | Villager (Male) |
| 4:51 | Encolar | Villager (Male) |
| 5:13 | Construir | Palisade Wall |
| 5:33 | Construir | Palisade Wall |
| 5:34 | Construir | Palisade Wall |
| 5:35 | Encolar | Villager (Male) |
| 6:09 | Construir | Palisade Wall |
| 6:09 | Construir | Palisade Wall |
| 6:10 | Construir | Palisade Wall |
| 6:15 | Construir | Palisade Wall |
| 6:17 | Construir | Palisade Wall |
| 6:20 | Construir | House |
| 6:21 | Encolar | Villager (Male) |
| 6:39 | Construir | Palisade Wall |
| 6:55 | Encolar | Villager (Male) |
| 7:08 | Construir | Palisade Wall |
| 7:16 | Construir | Palisade Wall |
| 7:19 | Construir | Palisade Wall |
| 7:22 | Construir | Palisade Wall |
| 7:26 | Construir | Palisade Wall |
| 7:29 | Construir | Palisade Wall |
| 7:37 | Construir | Mill |
| 7:50 | Construir | Palisade Wall |
| 8:01 | Construir | Palisade Wall |
| 8:03 | Construir | Palisade Wall |
| 8:07 | Investigar | Feudal Age |
| 8:08 | Investigar | Feudal Age |
| 8:55 | Construir | Palisade Wall |
| 9:11 | Construir | Mining Camp |
| 9:46 | Construir | Palisade Wall |
| 9:49 | Encolar | Villager (Male) |
| 9:49 | Encolar | Villager (Male) |
| 10:17 | Edad | Edad Feudal |
| 10:19 | Construir | Palisade Wall |
| 10:23 | Construir | Watch Tower |
| 10:38 | Encolar | Villager (Male) |
| 10:50 | Construir | Palisade Wall |
| 11:06 | Construir | Lumber Camp |
| 11:12 | Construir | House |
| 11:19 | Encolar | Villager (Male) |
| 12:24 | Construir | Archery Range |
| 12:31 | Encolar | Villager (Male) |
| 13:03 | Encolar | Villager (Male) |
| 13:03 | Encolar | Villager (Male) |
| 13:08 | Encolar | Skirmisher |
| 13:20 | Encolar | Villager (Male) |
| 13:25 | Encolar | Skirmisher |
| 13:35 | Construir | Watch Tower |
| 13:54 | Encolar | Skirmisher |
| 14:01 | Construir | Mill |
| 14:13 | Construir | House |
| 14:58 | Construir | House |
| 14:59 | Encolar | Villager (Male) |
| 15:02 | Encolar | Skirmisher |
| 15:25 | Encolar | Villager (Male) |
| 15:28 | Construir | Market |
| 15:58 | Construir | House |
| 15:59 | Encolar | Villager (Male) |
| 16:06 | Encolar | Skirmisher |
| 16:12 | Construir | House |
| 16:23 | Construir | Watch Tower |
| 16:30 | Encolar | Villager (Male) |
| 16:44 | Construir | House |
| 17:09 | Investigar | Town Watch |
| 17:16 | Construir | Watch Tower |
| 17:56 | Encolar | Villager (Male) |
| 18:01 | Construir | Watch Tower |
| 18:06 | Construir | Barracks |
| 18:44 | Encolar | Villager (Male) |
| 18:56 | Construir | House |
| 18:59 | Construir | House |
| 19:03 | Construir | House |
| 19:05 | Construir | House |
| 19:08 | Construir | Palisade Wall |
| 19:09 | Construir | House |
| 19:17 | Construir | Palisade Wall |
| 19:23 | Construir | Palisade Wall |
| 19:26 | Encolar | Villager (Male) |
| 19:41 | Construir | Watch Tower |
| 19:44 | Encolar | Spearman |
| 19:48 | Construir | Blacksmith |
| 20:08 | Construir | House |
| 20:14 | Encolar | Spearman |
| 20:28 | Construir | Farm |
| 20:29 | Construir | Farm |
| 20:40 | Encolar | Spearman |
| 20:41 | Encolar | Spearman |
| 20:52 | Construir | Farm |
| 21:18 | Encolar | Villager (Male) |
| 21:20 | Encolar | Spearman |
| 21:27 | Construir | Watch Tower |
| 22:14 | Construir | Watch Tower |
| 22:18 | Construir | House |
| 22:20 | Construir | House |
| 22:25 | Encolar | Villager (Male) |
| 22:42 | Encolar | Villager (Male) |
| 23:34 | Encolar | Villager (Male) |
| 23:35 | Encolar | Spearman |
| 23:36 | Encolar | Skirmisher |
| 23:59 | Construir | Stone Wall |
| 24:26 | Encolar | Spearman |
| 24:27 | Encolar | Spearman |
| 25:04 | Encolar | Villager (Male) |
| 25:07 | Encolar | Skirmisher |
| 25:10 | Construir | Farm |
| 25:10 | Construir | Farm |
| 25:10 | Construir | Farm |
| 25:11 | Construir | Farm |
| 25:11 | Construir | Farm |
| 25:11 | Construir | Farm |
| 25:26 | Construir | House |
| 25:32 | Construir | Farm |
| 25:34 | Construir | Mining Camp |
| 26:08 | Encolar | Villager (Male) |
| 26:12 | Construir | Farm |
| 26:18 | Investigar | Horse Collar |
| 26:30 | Construir | Palisade Wall |
| 26:38 | Encolar | Villager (Male) |
| 26:51 | Construir | House |
| 26:54 | Construir | House |
| 27:08 | Construir | House |
| 27:24 | Encolar | Villager (Male) |
| 27:30 | Encolar | Villager (Male) |
| 27:33 | Construir | House |
| 27:49 | Encolar | Villager (Male) |
| 27:49 | Encolar | Villager (Male) |
| 28:16 | Construir | Watch Tower |
| 28:17 | Encolar | Villager (Male) |
| 28:40 | Construir | Palisade Wall |
| 28:47 | Construir | Palisade Wall |
| 28:57 | Construir | Palisade Wall |
| 29:07 | Construir | Palisade Wall |
| 29:08 | Construir | Palisade Wall |
Build order — Thomas Sankara
Primeras 150 de 155 acciones detectadas
| 0:00 | Encolar | Villager (Male) |
| 0:01 | Construir | House |
| 0:03 | Construir | House |
| 0:08 | Encolar | Villager (Male) |
| 0:08 | Encolar | Villager (Male) |
| 0:09 | Encolar | Villager (Male) |
| 1:27 | Encolar | Villager (Male) |
| 1:27 | Encolar | Villager (Male) |
| 1:50 | Encolar | Villager (Male) |
| 1:50 | Encolar | Villager (Male) |
| 2:18 | Encolar | Villager (Male) |
| 2:54 | Construir | Lumber Camp |
| 2:56 | Encolar | Villager (Male) |
| 2:56 | Encolar | Villager (Male) |
| 3:26 | Encolar | Villager (Male) |
| 3:28 | Encolar | Villager (Male) |
| 3:48 | Encolar | Villager (Male) |
| 3:51 | Encolar | Villager (Male) |
| 3:51 | Encolar | Villager (Male) |
| 4:19 | Encolar | Villager (Male) |
| 5:07 | Investigar | Loom |
| 5:27 | Encolar | Villager (Male) |
| 5:38 | Encolar | Villager (Male) |
| 6:02 | Encolar | Villager (Male) |
| 6:07 | Construir | Palisade Wall |
| 6:09 | Construir | Palisade Wall |
| 6:11 | Construir | Palisade Wall |
| 6:15 | Construir | Palisade Wall |
| 6:16 | Construir | Palisade Wall |
| 6:17 | Construir | Palisade Wall |
| 6:18 | Construir | Palisade Wall |
| 6:23 | Encolar | Villager (Male) |
| 6:38 | Encolar | Villager (Male) |
| 6:48 | Construir | Palisade Wall |
| 6:55 | Construir | House |
| 7:16 | Encolar | Villager (Male) |
| 7:21 | Encolar | Villager (Male) |
| 7:37 | Construir | Mill |
| 8:13 | Investigar | Feudal Age |
| 9:02 | Construir | Palisade Wall |
| 9:24 | Construir | Palisade Wall |
| 9:26 | Construir | Palisade Wall |
| 9:49 | Construir | Barracks |
| 9:57 | Encolar | Villager (Male) |
| 10:23 | Edad | Edad Feudal |
| 10:35 | Construir | Archery Range |
| 10:38 | Encolar | Villager (Male) |
| 10:43 | Encolar | Villager (Male) |
| 11:01 | Encolar | Archer |
| 11:17 | Construir | House |
| 11:18 | Construir | House |
| 11:52 | Encolar | Villager (Male) |
| 12:19 | Encolar | Villager (Male) |
| 12:23 | Encolar | Villager (Male) |
| 12:45 | Encolar | Villager (Male) |
| 12:47 | Construir | Lumber Camp |
| 12:53 | Encolar | Villager (Male) |
| 12:56 | Encolar | Archer |
| 12:59 | Encolar | Villager (Male) |
| 13:04 | Encolar | Villager (Male) |
| 13:17 | Encolar | Archer |
| 14:03 | Construir | Watch Tower |
| 14:22 | Encolar | Villager (Male) |
| 14:22 | Encolar | Villager (Male) |
| 14:58 | Construir | Mining Camp |
| 14:59 | Encolar | Villager (Male) |
| 15:17 | Construir | Farm |
| 15:17 | Construir | Farm |
| 15:17 | Construir | Farm |
| 15:17 | Construir | Farm |
| 15:17 | Construir | Farm |
| 15:24 | Encolar | Villager (Male) |
| 15:30 | Construir | Stable |
| 15:41 | Construir | Farm |
| 16:03 | Construir | Farm |
| 16:24 | Construir | Farm |
| 16:26 | Encolar | Scout Cavalry |
| 16:49 | Construir | Farm |
| 16:59 | Encolar | Villager (Male) |
| 17:03 | Construir | House |
| 17:13 | Construir | Lumber Camp |
| 17:19 | Encolar | Villager (Male) |
| 17:30 | Encolar | Villager (Male) |
| 17:35 | Encolar | Scout Cavalry |
| 17:46 | Construir | Farm |
| 18:01 | Construir | House |
| 18:02 | Encolar | Scout Cavalry |
| 18:27 | Encolar | Villager (Male) |
| 18:50 | Construir | Farm |
| 18:52 | Construir | Farm |
| 19:00 | Encolar | Scout Cavalry |
| 19:25 | Construir | Mill |
| 19:26 | Construir | Farm |
| 19:26 | Construir | Farm |
| 19:26 | Construir | Farm |
| 19:26 | Construir | Farm |
| 19:26 | Construir | Farm |
| 19:30 | Encolar | Scout Cavalry |
| 19:31 | Encolar | Villager (Male) |
| 19:54 | Encolar | Villager (Male) |
| 19:58 | Construir | House |
| 19:59 | Construir | House |
| 20:27 | Encolar | Villager (Male) |
| 20:29 | Construir | Farm |
| 20:31 | Construir | Farm |
| 20:32 | Construir | Farm |
| 20:34 | Encolar | Villager (Male) |
| 20:41 | Investigar | Double-Bit Axe |
| 20:51 | Encolar | Villager (Male) |
| 20:56 | Investigar | Town Watch |
| 21:20 | Encolar | Villager (Male) |
| 21:26 | Construir | Market |
| 21:45 | Construir | Blacksmith |
| 22:16 | Encolar | Villager (Male) |
| 22:21 | Construir | Mining Camp |
| 22:35 | Encolar | Villager (Male) |
| 22:46 | Construir | Watch Tower |
| 23:07 | Encolar | Villager (Male) |
| 23:17 | Encolar | Villager (Male) |
| 23:23 | Encolar | Villager (Male) |
| 23:35 | Encolar | Villager (Male) |
| 24:20 | Encolar | Scout Cavalry |
| 24:28 | Investigar | Forging |
| 24:28 | Encolar | Villager (Male) |
| 24:30 | Construir | Farm |
| 24:30 | Construir | Farm |
| 24:30 | Construir | Farm |
| 24:46 | Encolar | Scout Cavalry |
| 24:59 | Encolar | Villager (Male) |
| 25:19 | Encolar | Scout Cavalry |
| 25:23 | Encolar | Villager (Male) |
| 25:26 | Construir | Farm |
| 25:26 | Construir | Farm |
| 25:27 | Construir | Farm |
| 25:31 | Construir | Farm |
| 25:31 | Construir | Farm |
| 25:31 | Construir | Farm |
| 25:31 | Construir | Farm |
| 25:36 | Construir | Farm |
| 25:37 | Construir | Farm |
| 25:37 | Construir | Farm |
| 25:42 | Encolar | Scout Cavalry |
| 25:45 | Investigar | Scale Barding Armor |
| 26:14 | Encolar | Villager (Male) |
| 26:16 | Construir | Farm |
| 26:29 | Investigar | Horse Collar |
| 26:34 | Investigar | Wheelbarrow |
| 27:08 | Encolar | Villager (Male) |
| 27:20 | Construir | Farm |
| 27:21 | Construir | Farm |
Cronología de la partida
| 5:13 | duusker · wall_segment Palisade Wall x2 |
| 5:33 | duusker · wall_segment Palisade Wall x1 |
| 5:34 | duusker · wall_segment Palisade Wall x1 |
| 6:07 | Thomas Sankara · wall_segment Palisade Wall x1 |
| 6:09 | duusker · wall_segment Palisade Wall x1 |
| 6:09 | duusker · wall_segment Palisade Wall x1 |
| 6:09 | Thomas Sankara · wall_segment Palisade Wall x1 |
| 6:10 | duusker · wall_segment Palisade Wall x1 |
| 6:11 | Thomas Sankara · wall_segment Palisade Wall x1 |
| 6:15 | duusker · wall_segment Palisade Wall x1 |
| 6:15 | Thomas Sankara · wall_segment Palisade Wall x1 |
| 6:16 | Thomas Sankara · wall_segment Palisade Wall x1 |
| 6:17 | Thomas Sankara · wall_segment Palisade Wall x1 |
| 6:17 | duusker · wall_segment Palisade Wall x1 |
| 6:18 | Thomas Sankara · wall_segment Palisade Wall x1 |
| 6:39 | duusker · wall_segment Palisade Wall x1 |
| 6:48 | Thomas Sankara · wall_segment Palisade Wall x1 |
| 7:08 | duusker · wall_segment Palisade Wall x1 |
| 7:16 | duusker · wall_segment Palisade Wall x1 |
| 7:19 | duusker · wall_segment Palisade Wall x1 |
| 7:22 | duusker · wall_segment Palisade Wall x1 |
| 7:26 | duusker · wall_segment Palisade Wall x1 |
| 7:29 | duusker · wall_segment Palisade Wall x1 |
| 7:50 | duusker · wall_segment Palisade Wall x2 |
| 8:01 | duusker · wall_segment Palisade Wall x1 |
| 8:03 | duusker · wall_segment Palisade Wall x1 |
| 8:55 | duusker · wall_segment Palisade Wall x1 |
| 9:02 | Thomas Sankara · wall_segment Palisade Wall x1 |
| 9:24 | Thomas Sankara · wall_segment Palisade Wall x1 |
| 9:26 | Thomas Sankara · wall_segment Palisade Wall x1 |
| 9:46 | duusker · wall_segment Palisade Wall x1 |
| 9:49 | Thomas Sankara · first_building Barracks |
| 10:17 | duusker · age_up feudal |
| 10:19 | duusker · wall_segment Palisade Wall x1 |
| 10:23 | Thomas Sankara · age_up feudal |
| 10:35 | Thomas Sankara · first_building Archery Range |
| 10:50 | duusker · wall_segment Palisade Wall x1 |
| 12:24 | duusker · first_building Archery Range |
| 15:30 | Thomas Sankara · first_building Stable |
| 18:06 | duusker · first_building Barracks |
| 19:08 | duusker · wall_segment Palisade Wall x2 |
| 19:17 | duusker · wall_segment Palisade Wall x2 |
| 19:23 | duusker · wall_segment Palisade Wall x1 |
| 22:43 | Thomas Sankara · first_market_sell 100 food |
| 22:44 | Thomas Sankara · first_market_buy 100 stone |
| 23:33 | duusker · first_market_buy 100 food |
| 23:59 | duusker · wall_segment Stone Wall x1 |
| 26:16 | duusker · first_market_sell 100 wood |
| 26:30 | duusker · wall_segment Palisade Wall x1 |
| 28:40 | duusker · wall_segment Palisade Wall x1 |
| 28:47 | duusker · wall_segment Palisade Wall x1 |
| 28:57 | duusker · wall_segment Palisade Wall x1 |
| 29:07 | duusker · wall_segment Palisade Wall x1 |
| 29:08 | duusker · wall_segment Palisade Wall x1 |
| 29:32 | duusker · resign |
[ ANÁLISIS IA · 1 CRÉDITO ]
¿Qué pasó realmente en esta partida?
Wolo.gg analiza cada decisión: build order, eco, micro, errores típicos por bracket. Análisis personalizado por WhatsApp o Discord en 30 segundos.
Guía civ
Jemeres
Perfil
Jugador #992156